 Dungeon Crawl Stone Soup version 0.22.0-13-g43fe8f24b8 (webtiles) character file.

364 RedPan the Chiller (level 6, -1/24 HPs)
             Began as a Felid Ice Elementalist on Aug 16, 2018.
             Slain by a shadow imp (4 damage)
             ... on level 4 of the Dungeon.
             The game lasted 00:08:15 (5799 turns).

RedPan the Chiller (Felid Ice Elementalist)         Turns: 5799, Time: 00:08:16

Health: -1/24      AC:  2    Str:  4    XL:     6   Next: 39%
Magic:  5/13       EV: 18    Int: 19    God:
Gold:   84         SH:  0    Dex: 16    Spells: 4/13 levels left
                                        Lives:  0   Deaths: 1

rFire    . . .     SeeInvis +     - Unarmed
rCold    . . .     Gourm    .   (shield unavailable)
rNeg     . . .     Faith    .   (armour unavailable)
rPois    .         Spirit   .   (helmet unavailable)
rElec    .         Reflect  .   (cloak unavailable)
rCorr    +         Harm     .   (gloves unavailable)
MR       .....                  (boots unavailable)
Stlth    +++.......             q - amulet of magic regeneration
HPRegen  0.08/turn              k - ring of resist corrosion
MPRegen  0.38/turn              (no ring)

@: very slightly contaminated, quick
A: very small, no armour, no weapons or thrown items, stealth, claws 1, fangs 3,
see invisible, carnivore, speed 1, shaggy fur 2, slow metabolism 1, sharp paws
a: no special abilities


You were on level 4 of the Dungeon.
You were very full.

You visited 1 branch of the dungeon, and saw 4 of its levels.

You collected 84 gold pieces.

Inventory:

Jewellery
 k - a ring of resist corrosion (left paw)
 m - an uncursed ring of fire
 q - an amulet of magic regeneration (around neck)
Wands
 j - a wand of polymorph (11)
Scrolls
 d - a scroll of teleportation
 g - a scroll of magic mapping
 l - 3 scrolls of fear
 p - 2 scrolls of amnesia
 r - a scroll of fog {unknown}
 s - a scroll of immolation {unknown}
Potions
 a - 2 potions of flight {unknown}
 c - 2 potions of haste {unknown}
 e - a potion of ambrosia {unknown}
 f - a potion of heal wounds {unknown}
 h - a potion of lignification {unknown}
 i - a potion of might {unknown}
 n - a potion of mutation {unknown}
 o - a potion of curing {unknown}
Comestibles
 b - 10 rations


   Skills:
 + Level 3.2 Dodging
 - Level 2.6 Stealth
 + Level 1.0 Unarmed Combat
 - Level 4.0 Spellcasting
 + Level 2.8 Conjurations
 - Level 4.0 Ice Magic
 + Level 1.7 Air Magic
 + Level 1.7 Poison Magic


You had 4 spell levels left.
You knew the following spells:

 Your Spells              Type           Power        Failure   Level  Hunger
a - Freeze                Ice            ###.         2%          1    None
b - Throw Frost           Conj/Ice       ###...       4%          2    ##.....
c - Ozocubu's Armour      Chrm/Ice       ##......     19%         3    ###....
d - Mephitic Cloud        Conj/Pois/Air  ##......     17%         3    ###....

Your spell library contained the following spells:

 Spells                   Type           Power        Failure   Level  Hunger
 Magic Dart               Conj           ##..         4%          1    None
 Conjure Flame            Conj/Fire      #.......     22%         3    ###....
 Slow                     Hex            #.......     21%         2    ##.....
 Blink                    Tloc           N/A          21%         2    ##.....
 Summon Ice Beast         Ice/Summ       ##......     52%         4    ####...
 Call Imp                 Summ           #.......     21%         2    ##.....
 Throw Icicle             Conj/Ice       ###.....     32%         4    ####...


Dungeon Overview and Level Annotations

Branches:
Dungeon (4/15)
 Temple: D:4-7

Altars:
Hepliaklqana
Makhleb
Ru


Innate Abilities, Weirdness & Mutations

You cannot wear armour.
You are incapable of wielding weapons or throwing items.
Your paws allow you to move quietly. (Stealth)
You have sharp claws.
You have razor-sharp teeth.
You have supernaturally acute eyesight. (SInv)
You are carnivorous and can eat meat at any time.
You cover ground quickly.
You are covered in thick fur. (AC +2)
You have a slow metabolism.
Your sharp claws are effective at attacking unaware monsters.


Message History

The shadow imp hits you but does no damage.
Casting: Freeze (safe; 2% risk of failure)
Confirm with . or Enter, or press ? or * to list all spells.
Aiming: Freeze (safe; 2% risk of failure)
Press: ? - help, Shift-Dir - straight line, f/p - shadow imp
Aim: a shadow imp (severely wounded)
You freeze the shadow imp.
The shadow imp resists.
The shadow imp is severely wounded.
The shadow imp gestures at you. Pain shoots through your body!
* * * LOW HITPOINT WARNING * * *
Casting: Freeze (safe; 2% risk of failure)
Confirm with . or Enter, or press ? or * to list all spells.
Aiming: Freeze (safe; 2% risk of failure)
Press: ? - help, Shift-Dir - straight line, f/p - shadow imp
Aim: a shadow imp (severely wounded)
You freeze the shadow imp.
The shadow imp resists.
The shadow imp is almost dead.
The shadow imp hits you.
You die...

#...# #.##.####..####
###...#########.##.##......##
##.......#.............#..#.##
#..........###......####..#.##
#....<...### ##...#.####..#.##
#.##....## ##.##........... #
#.##....# #.##########.## #
#.#...#.# #####.# ###.# #
##.#.###.# #.@..+## #...#
###...<....# #5##...## #.###
.........### #.) ##...## #.##
..........###.≈. #....##
#..### .........).##≈≈.
#.....####....#
#...#.......#≈≈_
#.....'.......#
.#...#.....##≈#∩
#.....####....#
..#.......###### ##....##
##.#.# ...#.#.#.## #....##
###.#


You could see a shadow imp.

Vanquished Creatures
  An orc wizard (D:4)
  3 orc priests
  A bullfrog skeleton (D:4)
  3 worker ants (D:4)
  12 adders
  3 oozes
  An adder skeleton (D:3)
  2 worms
  2 dart slugs (D:2)
  6 leopard geckos
  10 orcs
  6 giant cockroaches
  7 hobgoblins
  4 jackals (D:4)
  A quokka (D:3)
  10 bats
  3 frilled lizards
  8 goblins
  8 kobolds
  17 rats
108 creatures vanquished.

Notes
Turn   | Place    | Note
-------+----------+-------------------------------------------
     0 | D:1      | RedPan the Felid Ice Elementalist began the quest for the Orb.
     0 | D:1      | Reached XP level 1. HP: 7/7 MP: 4/4
   297 | D:1      | Reached XP level 2. HP: 11/11 MP: 4/6
   602 | D:1      | Learned a level 2 spell: Throw Frost
   981 | D:1      | Reached skill level 1 in Conjurations
  1032 | D:1      | Reached XP level 3. HP: 14/14 MP: 5/8
  1072 | D:1      | You fall through a shaft!
  1953 | D:2      | Reached XP level 4. HP: 18/18 MP: 7/9
  2022 | D:2      | Learned a level 3 spell: Ozocubu's Armour
  2573 | D:2      | Found a hazy altar of Hepliaklqana.
  3121 | D:3      | Reached XP level 5. HP: 9/21 MP: 7/11
  3702 | D:3      | Learned a level 3 spell: Mephitic Cloud
  3802 | D:3      | Noticed a phantom
  3830 | D:2      | Slain by a phantom
  3831 | D:2      | Reached XP level 4. HP: -1/18 MP: 6/10
  4030 | D:3      | Reached XP level 5. HP: 3/21 MP: 1/11
  4171 | D:3      | Reached skill level 1 in Air Magic
  4171 | D:3      | Reached skill level 1 in Poison Magic
  4351 | D:3      | Found a sacrificial altar of Ru.
  4894 | D:4      | Gained mutation: You are covered in thick fur. (AC +2) [Felid growth]
  4894 | D:4      | Reached XP level 6. HP: 24/24 MP: 10/13
  5477 | D:4      | Reached skill level 1 in Unarmed Combat
  5787 | D:4      | Found a burning altar of Makhleb.
  5799 | D:4      | Slain by a shadow imp

Skill      XL: |  1  2  3  4  5  6 |
---------------+-------------------+-----
Ice Magic      | 3 4 |  4.0
Conjurations   | 1 2 |  2.8
Spellcasting   | 3 4 |  4.0
Air Magic      | 1 |  1.7
Poison Magic   | 1 |  1.7
Dodging        | 3 |  3.2
Unarmed Combat | 1 |  1.0
Stealth        | |  2.6

Action                   |  1- 3 |  4- 6 || total
-------------------------+-------+-------++-------
Melee: Unarmed           |     4 |    30 ||    34
       Bite              |     1 |     1 ||     2
 Cast: Freeze            |    56 |    96 ||   152
       Throw Frost       |     2 |    71 ||    73
       Ozocubu's Armour  |       |     2 ||     2
  Use: Scroll            |       |     8 ||     8
 Stab: Sleeping          |     1 |       ||     1
  Eat: Chunk             |    10 |    14 ||    24
Armor: Skin              |     6 |     7 ||    13
Dodge: Dodged            |    46 |    73 ||   119
